 Dungeon Crawl Stone Soup version 0.31-a0-801-gc67433417a (webtiles) character file.

Game seed: 12835402001707944629

11 GordonOverkill the Sneak (level 2, -13/18 HPs)
             Began as a Deep Elf Delver on Sept 20, 2023.
             Mangled by an ogre
             ... wielding a +0 giant club
              (31 damage)
             ... on level 4 of the Dungeon.
             The game lasted 00:01:17 (274 turns).

GordonOverkill the Sneak (Deep Elf Delver)           Turns: 274, Time: 00:01:18

Health: -13/18     AC:  4    Str:  9    XL:     2   Next: 17%
Magic:  7/7        EV: 12    Int: 14    God:
Gold:   15         SH:  0    Dex: 16    Spells: 6/6 levels left

rFire   . . .        a - +0 short sword
rCold   . . .        (no shield)
rNeg    . . .        b - +0 leather armour
rPois   .            (no helmet)
rElec   .            (no cloak)
rCorr   .            (no gloves)
SInv    .            h - +0 pair of boots
Will    .....        (no amulet)
Stlth   +++          (no ring)
HPRegen 0.23/turn    (no ring)
MPRegen 0.10/turn

%: no passive effects
@: hasted, very quick
A: no striking features
a: no special abilities


You were on level 4 of the Dungeon.
You visited 1 branch of the dungeon, and saw 3 of its levels.

You collected 15 gold pieces.

Inventory:

Hand Weapons
 a - a +0 short sword (weapon)
Armour
 b - a +0 leather armour (worn)
 h - a +0 pair of boots (worn)
Wands
 g - a wand of digging (3)
Scrolls
 c - a scroll of fog
 d - a scroll of revelation
 i - a scroll of vulnerability {unknown}
 k - a scroll of identify {unknown}
Potions
 e - 2 potions of mutation {unknown}
 j - a potion of berserk rage {unknown}


   Skills:
 - Level 2.4 Fighting
 - Level 2.0 Short Blades
 - Level 2.4 Dodging
 - Level 6.0 Stealth
 + Level 2.6 Spellcasting


You had 6 spell levels left.
You didn't know any spells.
Your spell library was empty.

Dungeon Overview and Level Annotations

Branches:
Dungeon (6/15)
 Temple: D:4-7

Altars:
Hepliaklqana


Message History

You assume a fearsome visage.
The shadow imp looks frightened!
The hound looks frightened!
You see here a pink potion.
e - a pink potion
Found 5 poisoned darts.
Found a stone staircase leading up.
You now have 15 gold pieces.
There is a stone staircase leading up here.
You climb upwards.
You hear the sound of rushing water.
There is an entrance to a sewer on this level.
Hurry and find it before the portal rusts away!
There is a stone staircase leading down here.
Found a stone staircase leading up.
Found a scroll labelled PEP XUPSU PIRPH.
There is a stone staircase leading up here.
k - a scroll labelled PEP XUPSU PIRPH Your extra speed is starting to run out.
Found a pink potion.
e - 2 pink potions (gained 1)
You feel yourself slow down.
Found a stone staircase leading down.
You start resting.
HP restored.
There is a stone staircase leading down here.
You climb downwards.
The ogre shouts! x2
The ogre barely misses you.
Found a scroll of fear.
There is a stone staircase leading up here.
The ogre completely misses you.
You climb upwards.
You hear the sound of rushing water.
There is an entrance to a sewer on this level.
Hurry and find it before the portal rusts away!
There is a stone staircase leading down here.
Okay, then.
You feel yourself speed up. The ogre attacks as it pursues you!
The ogre hits you with a +0 giant club!!
Ouch! That really hurt!
You die...

#..# #.##
##.# ##.##
###..#
####....#
##......##
###..O..#.#
#.....@..##
#.......#.#
#.......#..#
........#.##
.......#..#
......# ..#
####.# .##
##


You could see an ogre.

Vanquished Creatures
  A gnoll (D:6)
  An orc (D:6)
2 creatures vanquished.

Notes
Turn   | Place    | Note
-------+----------+-------------------------------------------
     0 | D:5      | GordonOverkill the Deep Elf Delver began the quest for the
                  | Orb.
     0 | D:5      | Reached XP level 1. HP: 13/13 MP: 3/3
     5 | D:6      | Reached skill level 1 in Spellcasting
    31 | D:6      | Noticed a scorpion
    71 | D:6      | Reached XP level 2. HP: 18/18 MP: 4/7
    75 | D:6      | Noticed a bullfrog
   152 | D:5      | Found a hazy altar of Hepliaklqana.
   155 | D:5      | Noticed an ogre
   270 | D:5      | Noticed an ice beast
   270 | D:5      | Noticed an ogre
   274 | D:4      | Mangled by an ogre

Illustrated notes

Levels and vault maps discovered:
D:4:      layout_cave_pods, minmay_temple_entry_stoned_glass,
          portal_sewer_entry_a, corexii_leaking_fountain,
          kennysheep_generic_room_12
D:5:      layout_rooms, mainiacjoe_overflow_catwalk
D:6:      kennysheep_steamy, layout_loops_ring, grunt_ministairs_9,
          serial_bayou_pond_a, grunt_decor_one_mirror, roderic_roman_lattice

Skill      XL: |  1 |
---------------+----+-----
Spellcasting   | 2 |  2.6
Fighting       | |  2.4
Short Blades   | |  2.0
Dodging        | |  2.4
Stealth        | |  6.0

Action                     || total
---------------------------++-------
  Melee: Short sword       ||    10
    Use: Potion            ||     2
         Scroll            ||     1
   Stab: Sleeping          ||     2
 Armour: Leather armour    ||    15
  Dodge: Dodged            ||    13

Table legend: (Time is in decaauts)
 A = Elapsed time spent in this place.
 B = Non-inter-level travel time spent in this place.
 C = Inter-level travel time spent in this place.
 D = Time resting spent in this place.
 E = Time spent auto-exploring this place.
 F = Levels seen in this place.
 G = Mean time per level.
                   A        B        C        D        E       F      G
               +--------+--------+--------+--------+--------+-----+--------+
         Total |    253 |    253 |      0 |     76 |      0 |   3 |   84.3 |
       Dungeon |    253 |    253 |      0 |     76 |      0 |   3 |   84.3 |
               +--------+--------+--------+--------+--------+-----+--------+

Top non-repeatable levels by time:
     D:5: 119 daAuts
     D:6: 86 daAuts
     D:4: 47 daAuts
